 Dungeon Crawl Stone Soup version 0.29.1-15-g9cfb28693d (webtiles) character file.

Game seed: 16182334771070005392

207 Peloso the Covered (level 5, -1/47 HPs)
             Began as a Minotaur Fighter on Apr 26, 2023.
             Slain by Menkaure (10 damage)
             ... on level 5 of the Dungeon.
             The game lasted 00:03:38 (1852 turns).

Peloso the Covered (Minotaur Fighter)               Turns: 1852, Time: 00:03:39

Health: -1/47      AC: 11    Str: 21    XL:     5   Next: 54%
Magic:  4/4        EV:  7    Int:  5    God:
Gold:   204        SH:  5    Dex: 11    Spells: 4/4 levels left

rFire   . . .      SeeInvis .   a - +0 long sword
rCold   . . .      Faith    .   d - +0 buckler
rNeg    . . .      Spirit   .   g - +0 chain mail
rPois   .          Reflect  .   (helmet restricted)
rElec   .          Harm     .   (no cloak)
rCorr   .          Rampage  .   (no gloves)
Will    .....                   c - +0 pair of boots
Stlth   ..........              e - amulet of regeneration
HPRegen 0.95/turn               n - ring of flight
MPRegen 0.09/turn               (no ring)

@: flying
A: horns 2, retaliatory headbutt
a: no special abilities


You were on level 5 of the Dungeon.
You visited 1 branch of the dungeon, and saw 4 of its levels.

You collected 204 gold pieces.

Inventory:

Hand Weapons
 a - a +0 long sword (weapon)
Armour
 b - a +0 scale mail
 c - a +0 pair of boots (worn)
 d - a +0 buckler (worn)
 g - a +0 chain mail (worn)
Jewellery
 e - an amulet of regeneration (around neck)
 n - a ring of flight (left hand)
Scrolls
 h - 3 scrolls of magic mapping {unknown}
 i - a scroll of poison {unknown}
 j - a scroll of teleportation
 k - a scroll of brand weapon {unknown}
 m - a scroll of fear {unknown}
 o - a scroll of enchant armour {unknown}
Potions
 f - a potion of might
 l - a potion of heal wounds


   Skills:
 + Level 4.4 Fighting
 + Level 4.3 Long Blades
 + Level 5.2 Armour
 + Level 0.6 Dodging
 + Level 0.2 Stealth
 + Level 4.5 Shields


You had 4 spell levels left.
You didn't know any spells.
Your spell library was empty.

Dungeon Overview and Level Annotations

Branches:
Dungeon (3/15)

Altars:
Kikubaaqudgha
Sif Muna
Yredelemnul

Annotations:
D:5 Duvessa, Menkaure


Innate Abilities, Weirdness & Mutations

You have a pair of horns on your head.
You reflexively headbutt those who attack you in melee.


Message History

You see here a howler monkey corpse.
You see here 7 stones.
Duvessa, Sister of Dowan comes into view.
She is wielding a +0 short sword.
Duvessa shouts!
Found a stone staircase leading down.
Really fly into that teleport trap?
You enter a teleport trap!
The teleport trap disappears.
Your surroundings suddenly seem different.
Menkaure hits you!
Unknown command.
You hit Menkaure.
Menkaure is lightly damaged.
Menkaure hits you!
You hit Menkaure.
Menkaure is lightly damaged.
Menkaure misses you.
You slash Menkaure!
Menkaure is heavily damaged.
Menkaure hits you but does no damage.
You barely miss Menkaure.
Menkaure is heavily damaged.
You block Menkaure's attack.
You barely miss Menkaure.
Menkaure is heavily damaged.
Menkaure gestures at you while chanting.
Pain shoots through your body!
* * * LOW HITPOINT WARNING * * *
You barely miss Menkaure.
Menkaure is heavily damaged.
You hit Menkaure but do no damage.
Menkaure is heavily damaged.
Menkaure calls on the powers of darkness!
Your body is wracked with pain!
* * * LOW HITPOINT WARNING * * *
Duvessa convulses!
Duvessa hits you but does no damage.
Unknown command.
You closely miss Menkaure.
Menkaure is heavily damaged.
You block Duvessa's attack. Menkaure hits you!
You die...

#..#.......#....
#..#.......#.#.#
#.e#.......#.M.#
#......_...^..#
######..#.......#.#
#.......#.......#†#
#.......#.......#.#
#.......#########.#
#.........e@M.....#
######........(.###
############


You could see Duvessa and Menkaure.

Vanquished Creatures
  A scorpion (D:5)
  A howler monkey (D:5)
  2 hounds
  Jessica (D:3)
  2 endoplasms
  A giant cockroach (D:2)
  10 hobgoblins
  2 quokkas
  6 ball pythons
  A frilled lizard (D:2)
  2 goblins (D:1)
  3 kobolds
  A rat (D:1)
33 creatures vanquished.

Notes
Turn   | Place    | Note
-------+----------+-------------------------------------------
     0 | D:1      | Peloso the Minotaur Fighter began the quest for the Orb.
     0 | D:1      | Reached XP level 1. HP: 19/19 MP: 0/0
   309 | D:1      | Found a faded altar of an unknown god.
   400 | D:1      | Reached XP level 2. HP: 22/27 MP: 1/1
   642 | D:1      | Reached skill level 4 in Armour
  1182 | D:2      | Found a basalt altar of Yredelemnul.
  1451 | D:3      | Noticed Jessica
  1455 | D:3      | Killed Jessica
  1456 | D:3      | Reached XP level 3. HP: 33/33 MP: 2/2
  1526 | D:3      | Identified the +1 ring mail of Fortification {rN+ rCorr
                  | Str-5}
  1758 | D:3      | Reached XP level 4. HP: 38/40 MP: 3/3
  1764 | D:3      | Found an ancient bone altar of Kikubaaqudgha.
  1771 | D:3      | You are sucked into a shaft and drop 2 floors!
  1771 | D:5      | Entered Level 5 of the Dungeon
  1775 | D:5      | Noticed a scorpion
  1782 | D:5      | Killed a scorpion
  1783 | D:5      | Reached skill level 5 in Armour
  1783 | D:5      | Reached XP level 5. HP: 32/46 MP: 4/4
  1826 | D:5      | Noticed Menkaure
  1827 | D:5      | Found a shimmering blue altar of Sif Muna.
  1841 | D:5      | Noticed Duvessa
  1852 | D:5      | Slain by Menkaure

Illustrated notes

Levels and vault maps discovered:
D:1:      dpeg_arrival_tiny_a, layout_basic,
          dreamdust_ecumenical_altar_angels_and_demons
D:2:      layout_rooms, basic_altar
D:3:      layout_rooms, mainiacjoe_overflow_surrounded_room, uniq_jessica
D:5:      layout_rooms, lemuel_tele_altar, minmay_temple_entry_waves,
          uniq_menkaure, uniq_duvessa, uniq_edmund

Skill      XL: |  1  2  3  4  5 |
---------------+----------------+-----
Armour         | 4 5 |  5.2
Shields        | 4 |  4.5
Fighting       | 4 |  4.4
Long Blades    | 3 4 |  4.3
Dodging        | |  0.6
Stealth        | |  0.2

Action                   |  1- 3 |  4- 6 || total
-------------------------+-------+-------++-------
Melee: Long sword        |    68 |    24 ||    92
       Headbutt          |     9 |       ||     9
  Use: Scroll            |     4 |       ||     4
       Potion            |     3 |       ||     3
Armor: Scale mail        |    23 |       ||    23
       Chain mail        |    16 |    13 ||    29
Dodge: Dodged            |    35 |     9 ||    44
Block: Buckler           |    21 |     3 ||    24
